AoeStats
← HardmanGunner

Arena

510415975Analyzed
2v2 RM · 24h ago on Sep 30, 2026· 28m 25s· 4 players
Game mode
Random Map
Map size
Medium (4 player)
Population
200
Speed
Normal
Resources
Standard
Victory
Conquest
Starting age
Dark Age
Ending age
Imperial Age
RankedLock teamsTeams togetherTeam positionsShared explorationLock speedFull tech treeHidden civsTurbo modeCheats
Victory
Defeat
🇦🇷 Teutons · Argentina
1491
+12
🇦🇷 Turks · Argentina
1490
+12
🇮🇪 Turks · Ireland
1395
-12
🇺🇸 Dravidians · United States
1391
-12
Protein Shake
0:40 Loom
10:23 Feudal Age
12:12 Wheelbarrow
14:39 Castle Age
12:48 Horse Collar
14:23 Double-Bit Axe
14:57 Town Watch
20:27 Fletching
20:37 Padded Archer Armor
21:54 Squires
21:38 Elite Skirmisher
22:42 Bodkin Arrow
24:14 Leather Archer Armor
27:07 Hand Cart
26:42 Town Watch
HardmanGunner
10:11 Feudal Age
12:39 Loom
15:16 Castle Age
13:49 Double-Bit Axe
13:45 Horse Collar
15:34 Fletching
21:26 Imperial Age
20:38 Padded Archer Armor
22:52 Leather Archer Armor
El Guason
10:02 Feudal Age
13:59 Castle Age
12:19 Double-Bit Axe
12:49 Horse Collar
13:47 Loom
16:08 Town Watch
19:47 Bloodlines
19:33 Gold Mining
20:20 Forging
21:02 Wheelbarrow
21:39 Scale Barding Armor
22:37 Iron Casting
24:47 Chain Barding Armor
Batman
11:26 Feudal Age
13:15 Double-Bit Axe
13:33 Gold Mining
15:50 Castle Age
13:51 Horse Collar
14:16 Loom
20:56 Imperial Age
18:47 Fervor
19:41 Bow Saw
19:42 Heavy Plow
19:47 Padded Archer Armor
22:10 Wheelbarrow
Connection lost

Rejoining the realm…

Still unreachable

The connection could not be restored.

Session expired

The server has moved on; the page needs a fresh start.